 Dungeon Crawl Stone Soup version 0.22-a0-407-gb098539 (webtiles) character file.

2468 dstrtnsr the Cleaver (level 9, 0/121 (123) HPs)
             Began as a Hill Orc Berserker on May 9, 2018.
             Was an Elder of Trog.
             Succumbed to Grum's poison
             ... on level 8 of the Dungeon.
             The game lasted 00:04:51 (4316 turns).

dstrtnsr the Cleaver (Hill Orc Berserker)           Turns: 4316, Time: 00:04:52

HP:   0/121 (123)   AC: 12    Str: 30    XL:     9   Next: 51%
MP:   9/9           EV:  6    Int:  7    God:    Trog [****..]
Gold: 311           SH: 10    Dex: 10    Spells: 8/8 levels left

rFire    . . .     SeeInvis .   a - +1 broad axe
rCold    . . .     Gourm    .   r - +0 shield
rNeg     . . .     Faith    .   l - +0 plate armour
rPois    .         Spirit   .   v - +0 helmet
rElec    .         Reflect  .   (no cloak)
rCorr    .         Harm     .   (no gloves)
MR       .....                  (no boots)
Stlth    ..........             (no amulet)
HPRegen  0.30/turn              m - +2 ring of strength
MPRegen  0.11/turn              (no ring)

@: berserking (expiring), lethally poisoned (0 -> -55), very quick
A: no striking features
a: Berserk, Trog's Hand, Brothers in Arms, Renounce Religion


You were on level 8 of the Dungeon.
You worshipped Trog.
Trog was greatly pleased with you.
You were not hungry.

You visited 1 branch of the dungeon, and saw 8 of its levels.

You collected 311 gold pieces.

Inventory:

Hand Weapons
 a - a +1 broad axe (weapon)
Armour
 l - a +0 plate armour (worn)
 r - a +0 shield (worn)
 v - a +0 helmet (worn)
Jewellery
 m - a +2 ring of strength (left hand)
Scrolls
 b - a scroll of teleportation {!d}
 f - 3 scrolls of enchant weapon
 g - a scroll of remove curse {@r2}
 i - 2 scrolls of enchant armour {unknown}
 o - a scroll of immolation {unknown}
 t - a scroll of identify {@r1}
 u - a scroll of fear {unknown}
Potions
 c - a potion of cancellation
 d - a potion of might
 h - a potion of lignification {unknown}
 j - a potion of heal wounds
 k - a potion of resistance {unknown}
 n - a potion of berserk rage {unknown}
 q - a potion of ambrosia {unknown}
 s - a potion of agility {unknown}
Comestibles
 e - 3 rations {!d}


   Skills:
 + Level 8.9 Fighting
 * Level 12.7 Axes
 - Level 2.1 Armour
 - Level 1.5 Dodging
 + Level 4.6 Shields


You had 8 spell levels left.
You didn't know any spells.

Dungeon Overview and Level Annotations

Branches:
Dungeon (8/15)
 Temple: D:4-7         Lair: D:8-11

Altars:
Elyvilon
Uskayaw

Shops:
D:7 }

Annotations:
D:8 Grum


Message History

You feel sick. You block the wolf's attack.
The wolf bites you but does no damage. x2; The wolf bites you.
You block the wolf's attack.
You barely miss the wolf.
The wolf is almost dead.
You miss the wolf. x2; You closely miss the wolf.
You feel sick. The wolf bites you but does no damage. The wolf bites you.
You block Grum's attack. You block the wolf's attack.
The wolf completely misses you. You block the wolf's attack.
The wolf bites you but does no damage.
Your shield prevents you from hitting the wolf.
The wolf is almost dead.
You barely miss the wolf. x2; You closely miss the wolf.
You feel sick. You block the wolf's attack.
The wolf bites you but does no damage. You block the wolf's attack.
The wolf bites you. Grum hits you but does no damage.
You are more poisoned.
You closely miss the wolf.
The wolf is almost dead.
You hit the wolf. x2; You closely miss the wolf.
The wolf bites you but does no damage. x2; The wolf bites you.
You block the wolf's attack. The wolf bites you but does no damage.
You closely miss the wolf.
The wolf is almost dead.
You hit the wolf. You slice the wolf!!
You kill the wolf!
Trog accepts your kill.
You miss the wolf.
You feel sick. The wolf bites you but does no damage. The wolf bites you.
You block Grum's attack. The wolf bites you. The wolf barely misses you.
You closely miss the wolf.
The wolf is almost dead.
You miss the wolf. You closely miss the wolf.
You feel sick. The wolf closely misses you.
The wolf bites you but does no damage. You block the wolf's attack.
You barely miss the wolf.
The wolf is almost dead.
You miss the wolf. You slice the wolf!!
You kill the wolf!
Trog accepts your kill.
You feel sick. The wolf bites you. Grum barely misses you. The wolf bites you.
You closely miss the wolf.
The wolf is almost dead.
Your shield and plate armour prevent you from hitting the wolf.
You feel sick. The wolf bites you. The wolf barely misses you.
You block the wolf's attack.
Grum hits you from afar with a halberd of venom!!
You are more poisoned.
You slice the wolf!!
You kill the wolf!
Trog accepts your kill.
You closely miss the wolf.
You feel sick. You block the wolf's attack.
You closely miss the wolf.
The wolf is lightly wounded.
You feel very sick. You block the wolf's attack.
Grum hits you from afar with a halberd of venom.
* * * LOW HITPOINT WARNING * * *
You are lethally poisoned!
The wolf bites you but does no damage.
You are too injured to fight recklessly!
You are too injured to fight recklessly!
You are too injured to fight recklessly!
Unknown command.
You slash the wolf!
The wolf is almost dead.
* * * LOW HITPOINT WARNING * * *
You feel very sick. You block the wolf's attack.
You closely miss the wolf.
The wolf is almost dead.
* * * LOW HITPOINT WARNING * * *
You feel sick. You block Grum's attack. The wolf bites you but does no damage.
You closely miss the wolf.
The wolf is almost dead.
* * * LOW HITPOINT WARNING * * *
You feel sick. The wolf bites you.
* * * LOW HITPOINT WARNING * * *
You closely miss the wolf.
The wolf is almost dead.
* * * LOW HITPOINT WARNING * * *
You feel sick.
Grum hits you from afar with a halberd of venom!
* * * LOW HITPOINT WARNING * * *
You are more poisoned.
You block the wolf's attack.
You are too berserk!
Unknown command.
You completely miss the wolf.
The wolf is almost dead.
* * * LOW HITPOINT WARNING * * *
You feel very sick. You block the wolf's attack.
Grum hits you from afar with a halberd of venom.
* * * LOW HITPOINT WARNING * * *
You are more poisoned.
You are too berserk!
Your shield and plate armour prevent you from hitting the wolf.
The wolf is almost dead.
You die...

..#........(.....#
..########))%....#
)..# #.))....#
...# ####)#...#
...# #....#...#
...# #....#...#
...# #....#...#
..## #....#...#
### ######gh@#
......††#
........#
........#
........#
........#
.########


You could see Grum and a wolf.

Vanquished Creatures
  Pikel (D:7)
  The ghost of galech the Cleaver, a novice GnWn (D:6)
  2 orc warriors
  A slave (D:7)
  An ice beast (D:6)
  A phantom (D:5)
  A necrophage (D:6)
  An ogre (D:5)
  3 wolves (D:8)
  A big kobold (D:4)
  A water moccasin skeleton (D:7)
  A howler monkey (D:8)
  A crimson imp (D:6)
  A centaur zombie (D:7)
  A hound (D:7)
  A gnoll shaman (D:5)
  An orc priest (D:8)
  3 jellies
  2 iguanas
  3 worker ants
  A killer bee zombie (D:7)
  2 hound skeletons
  10 gnolls
  5 adders
  An ooze (D:3)
  An adder skeleton (D:4)
  A worm (D:4)
  2 leopard geckos
  21 orcs
  3 giant cockroaches
  24 hobgoblins
  3 jackals (D:2)
  A quokka (D:2)
  A ball python (D:1)
  A bat (D:1)
  2 frilled lizards
  30 goblins
  6 kobolds
  A leopard gecko skeleton (D:4)
  5 rats
149 creatures vanquished.

Vanquished Creatures (others)
  3 slaves (D:7)
  2 orc wizards (D:7)
  4 orcs (D:7)
  A giant cockroach (D:7)
10 creatures vanquished.

Grand Total: 159 creatures vanquished

Notes
Turn   | Place    | Note
-------+----------+-------------------------------------------
     0 | D:1      | dstrtnsr the Hill Orc Berserker began the quest for the Orb.
     0 | D:1      | Reached XP level 1. HP: 19/19 MP: 1/1
   141 | D:2      | Reached XP level 2. HP: 14/27 MP: 2/2
   142 | D:2      | HP: 16/40 [jackal (2)]
   514 | D:2      | Reached skill level 5 in Axes
   700 | D:2      | Reached XP level 3. HP: 33/33 MP: 3/3
  1063 | D:4      | Reached ** piety under Trog
  1098 | D:4      | Reached XP level 4. HP: 41/41 MP: 4/4
  1322 | D:4      | Reached skill level 6 in Axes
  1533 | D:4      | Reached XP level 5. HP: 29/47 MP: 5/5
  1810 | D:4      | Reached *** piety under Trog
  1834 | D:4      | Noticed a big kobold
  1845 | D:4      | Reached skill level 5 in Fighting
  1853 | D:4      | Killed a big kobold
  1853 | D:4      | Reached skill level 7 in Axes
  1860 | D:4      | Reached XP level 6. HP: 50/56 MP: 6/6
  2075 | D:5      | Entered Level 5 of the Dungeon
  2075 | D:5      | Noticed a phantom
  2126 | D:5      | Killed a phantom
  2126 | D:5      | Reached skill level 8 in Axes
  2138 | D:5      | Reached XP level 7. HP: 63/63 MP: 7/7
  2259 | D:5      | Reached skill level 9 in Axes
  2459 | D:6      | HP: 20/63 [orc warrior/halberd (15)]
  2910 | D:6      | Reached skill level 10 in Axes
  2910 | D:6      | Reached XP level 8. HP: 72/72 MP: 8/8
  2935 | D:6      | Found a hide-covered altar of Uskayaw.
  3041 | D:6      | Found a white marble altar of Elyvilon.
  3137 | D:6      | Noticed galech's ghost (novice GnWn)
  3152 | D:6      | Killed galech's ghost
  3152 | D:6      | Reached skill level 11 in Axes
  3641 | D:7      | Noticed Pikel
  3651 | D:7      | Killed Pikel
  3651 | D:7      | Reached skill level 12 in Axes
  3651 | D:7      | Reached XP level 9. HP: 81/81 MP: 9/9
  3732 | D:7      | Found Onied's Gadget Boutique.
  3954 | D:7      | Reached **** piety under Trog
  4296 | D:8      | Noticed Grum
  4308 | D:8      | HP: 46/121 [Grum/halberd of venom (21)]
  4313 | D:8      | HP: 29/121 [poisoned by Grum]
  4314 | D:8      | HP: 10/121 [Grum/halberd of venom (11)]
  4315 | D:8      | HP: 3/121 [Grum/halberd of venom (4)]
  4316 | D:8      | Succumbed to Grum's poison

Vault maps used:
D:1:      onia_arrival_handbag, minmay_pentomino_q4
D:3:      nicolae_ru_path_of_blood, uniq_grinder, uniq_terence
D:4:      minmay_goblin_kobold_castle, kennysheep_mini_moat, temple_statues,
          first_ration, serial_shops, shop, dk_vineyard_2
D:5:      hangedman_abyss_or_decor_passed, uniq_menkaure
D:6:      old_standard_altar, basic_altar
D:7:      serial_shops, shop_fountains, st_stairs_5, uniq_pikel
D:8:      serial_shops, kennysheep_mini, special_room, uniq_grum

Skill      XL: |  1  2  3  4  5  6  7  8  9 |
---------------+----------------------------+-----
Fighting       | 4 5 6 7 8 |  8.9
Axes           | 5 6 7 8 10 12 | 12.7
Shields        | 3 4 |  4.6
Armour         | |  2.1
Dodging        | |  1.5

Action                   |  1- 3 |  4- 6 |  7- 9 || total
-------------------------+-------+-------+-------++-------
Melee: Hand axe          |    81 |   188 |       ||   269
       Broad axe         |       |     4 |   146 ||   150
Invok: Berserk           |     3 |     4 |     7 ||    14
  Use: Scroll            |     1 |     4 |     3 ||     8
  Eat: Chunk             |     2 |     5 |     4 ||    11
       Ration            |       |     1 |     3 ||     4
Armor: Ring mail         |    20 |       |       ||    20
       Animal skin       |     2 |       |       ||     2
       Plate armour      |     9 |   102 |    64 ||   175
Dodge: Dodged            |    57 |    72 |    49 ||   178
Block: Shield            |       |       |    35 ||    35

Table legend:
 A = Spawn XP
 B = Non-spawn XP
 C = Spawn XP percentage of total XP
 D = Spawn monster count
 E = Non-spawn monster count
 F = Spawn count percentage of total count
 G = Total turns spent on level
                    A         B        C        D         E        F      G
               +---------+---------+-------+---------+---------+-------+---------
         Total |       0 |    3526 |   0.0 |       0 |     148 |   0.0 |  4316
               +---------+---------+-------+---------+---------+-------+---------
           D:1 |       0 |       8 |   0.0 |       0 |       7 |   0.0 |   125
           D:2 |       0 |      27 |   0.0 |       0 |       9 |   0.0 |   597
           D:3 |       0 |      31 |   0.0 |       0 |      11 |   0.0 |   169
           D:4 |       0 |     305 |   0.0 |       0 |      65 |   0.0 |  1184
           D:5 |       0 |     422 |   0.0 |       0 |      12 |   0.0 |   318
           D:6 |       0 |    1186 |   0.0 |       0 |      13 |   0.0 |  1292
           D:7 |       0 |     896 |   0.0 |       0 |       9 |   0.0 |   353
           D:8 |       0 |     651 |   0.0 |       0 |      22 |   0.0 |   278
               +---------+---------+-------+---------+---------+-------+---------
